 Dungeon Crawl Stone Soup version 0.27.1-33-g824d729ab1 (webtiles) character file.

Game seed: 729552480232219184

41 MisterFreud the Chopper (level 3, -4/31 HPs)
             Began as a Hill Orc Abyssal Knight on Dec 14, 2021.
             Was a Follower of Lugonu.
             Slain by a gnoll (8 damage)
             ... on level 2 of the Dungeon.
             The game lasted 00:01:11 (1040 turns).

MisterFreud the Chopper (Hill Orc Abyssal Knight)   Turns: 1040, Time: 00:01:11

Health: -4/31      AC:  3    Str: 15    XL:     3   Next: 52%
Magic:  4/4        EV: 11    Int: 12    God:    Lugonu [*.....]
Gold:   73         SH:  0    Dex: 16    Spells: 2/2 levels left

rFire    . . .     SeeInvis .   a - +1 hand axe
rCold    . . .     Faith    .   (no shield)
rNeg     . . .     Spirit   .   b - +0 leather armour
rPois    .         Reflect  .   (no helmet)
rElec    .         Harm     .   (no cloak)
rCorr    .         Rampage  .   (no gloves)
Will     .....                  (no boots)
Stlth    +.........             (no amulet)
HPRegen  0.10/turn              h - +6 ring of dexterity
MPRegen  0.09/turn              (no ring)

@: no status effects
A: no striking features
a: Renounce Religion, Depart the Abyss


You were on level 2 of the Dungeon.
You worshipped Lugonu.
Lugonu was aware of your devotion.
You visited 1 branch of the dungeon, and saw 2 of its levels.
You visited the Abyss 1 time.

You collected 73 gold pieces.

Inventory:

Hand Weapons
 a - a +1 hand axe (weapon)
Armour
 b - a +0 leather armour (worn)
Jewellery
 h - a +6 ring of dexterity (left hand)
Scrolls
 d - a scroll of magic mapping {unknown}
 e - 2 scrolls of vulnerability {unknown}
 f - a scroll of blinking {unknown}
 g - a scroll of enchant armour {unknown}
Potions
 c - 2 potions of magic {unknown}


   Skills:
 - Level 3.6 Fighting
 + Level 5.1 Axes
 - Level 2.1 Armour
 - Level 0.7 Dodging
 - Level 2.4 Invocations


You had 2 spell levels left.
You didn't know any spells.
Your spell library was empty.

Dungeon Overview and Level Annotations

Branches:
Dungeon (2/15)

Altars:


Message History

The frilled lizard closely misses you.
You hit the frilled lizard.
The frilled lizard is heavily wounded.
A gnoll comes into view. It is wielding a +0 club.
The frilled lizard bites you but does no damage.
There are monsters nearby!
You slash the frilled lizard!
You kill the frilled lizard!
Lugonu accepts your kill.
A gnoll is nearby!
You hit the gnoll.
The gnoll is moderately wounded.
The gnoll closely misses you.
A gnoll comes into view. It is wielding a +0 spear.
There are monsters nearby!
You barely miss the gnoll.
The gnoll is moderately wounded.
A gnoll comes into view. It is wielding a +0 flail.
The gnoll closely misses you. The gnoll misses you.
The gnoll shouts!
You hit the gnoll.
The gnoll is heavily wounded.
The gnoll closely misses you.
The gnoll hits you from afar with a +0 spear.
There are monsters nearby!
You hit the gnoll but do no damage.
The gnoll is heavily wounded.
You barely miss the gnoll. The gnoll misses you.
The gnoll hits you with a +0 club.
The gnoll hits you from afar with a +0 spear.
You are too injured to fight recklessly!
The gnoll hits you with a +0 flail.
You see here a +0 robe.
The gnoll hits you with a +0 flail!
* * * LOW HITPOINT WARNING * * *
Found a stone staircase leading down.
Found a scroll labelled ERHYASE XUDU.
There is a stone staircase leading down here.
The gnoll hits you with a +0 club!
You die...

#.#.# #.#.#
#.#.#
#.#.##########
#...##....#..#
#.......##†#
#...##..#..###
#..@g.g##.[.†#
#####.#g.)#$..#
#..#..[.##.#
#..###..# #
#... #.##
#?...=#. ######
##


You could see 3 gnolls.

Vanquished Creatures
  A dart slug (D:1)
  4 ball pythons (D:1)
  3 endoplasms (D:1)
  3 giant cockroaches (D:1)
  2 goblins (D:1)
  3 hobgoblins (D:1)
  6 jackals (D:1)
  3 bats (D:1)
  4 frilled lizards
  2 kobolds (D:1)
  2 rats
33 creatures vanquished.

Notes
Turn   | Place    | Note
-------+----------+-------------------------------------------
     0 | Abyss:1  | MisterFreud the Hill Orc Abyssal Knight began the quest for
                  | the Orb.
     0 | Abyss:1  | Reached XP level 1. HP: 19/19 MP: 2/2
    46 | Abyss:1  | Noticed a sixfirhy
    47 | D:1      | Escaped the Abyss
    76 | D:1      | Reached skill level 3 in Axes
   244 | D:1      | Reached XP level 2. HP: 25/26 MP: 3/3
   272 | D:1      | Reached * piety under Lugonu
   296 | D:1      | Reached skill level 4 in Axes
   617 | D:1      | Reached XP level 3. HP: 27/31 MP: 4/4
   979 | D:1      | Reached skill level 5 in Axes
  1040 | D:2      | Slain by a gnoll

Illustrated notes

Levels and vault maps discovered:
D:1:      heliophobic_arrival_henge, layout_rooms
D:2:      layout_basic, minmay_pentomino_z4

Skill      XL: |  1  2  3 |
---------------+----------+-----
Axes           | 3 4 5 |  5.1
Fighting       | |  3.6
Armour         | |  2.1
Dodging        | |  0.7
Invocations    | |  2.4

Action                   || total
-------------------------++-------
Melee: Hand axe          ||    94
Invok: Depart the Abyss  ||     1
Armor: Leather armour    ||    25
Dodge: Dodged            ||    65
